[Event "*** Titled Tuesday Blitz"]
[Site "Chess.com"]
[Date "2019.05.07"]
[Round "5"]
[White "mikhaillushenkov"]
[Black "1e41-0"]
[Result "1/2-1/2"]
[WhiteElo "2747"]
[BlackElo "2474"]
[TimeControl "180+2"]
[EndTime "14:07:15 PDT"]
[Termination "Game drawn by repetition"]

1. Nf3 d5 2. d4 Bf5 3. c4 e6 4. Nc3 Nf6 5. Qb3 Nc6 6. Bg5 Be7 7. cxd5 Nxd5 8. Bxe7 Ncxe7 9. e3 O-O 10. Be2 Nxc3 11. bxc3 c5 12. O-O Qc7 13. a4 Rac8 14. a5 Be4 15.
Ne5 Nc6 16. Nxc6 Bxc6 17. Rfb1 Rfd8 18. Bf1 e5 19. dxc5 Bd5 20. c4 Be4 21. Rb2 Qxc5 22.
Qb5 h6 23. g3 Rd6 24. Bg2 Bxg2 25. Qxc5 Rxc5 26. Kxg2 b6 27. axb6 axb6 28. Rab1 Rxc4 29. Rxb6 Rxb6 30. Rxb6 f6 31. Rb7 Kh7 32. h3 h5 33.
Kf3 Kg6 34. g4 hxg4+ 35. hxg4 Ra4 36. Kg3 Ra3 37. Kg2 Ra2 38. Kg3 Ra3 39. Kg2 Ra2 40. Kg3 Ra3 1/2-1/2

[Event "*** Titled Tuesday Blitz"]
[Site "Chess.com"]
[Date "2019.05.07"]
[Round "5"]
[White "Witik"]
[Black "adriangschnitzer"]
[Result "0-1"]
[WhiteElo "2582"]
[BlackElo "2414"]
[TimeControl "180+2"]
[EndTime "14:07:20 PDT"]
[Termination "adriangschnitzer won on time"]

1. d4 Nf6 2. c4 c5 3. d5 b5 4.
Nf3 g6 5. Qc2 b4 6. b3 Bg7 7.
Bb2 O-O 8. e4 d6 9. Bd3 e5 10.
dxe6 fxe6 11. e5 Nh5 12. exd6 Bxb2 13. Qxb2 Nf4 14. Bf1 Bb7 15. Nbd2 Qxd6 16. O-O-O a5 17.
h4 a4 18. bxa4 Rxa4 19. h5 Nc6 20. hxg6 Nxg6 21. Nb3 Qf4+ 22. Kb1 Rfa8 23. Bd3 Rxa2 24. Qxa2 Rxa2 25. Kxa2 Nce5 26. Nxe5 Nxe5 27. Bxh7+ Kg7 28. Bc2 Qxc4 29. Rh7+ Kf6 30. Kb1 Be4 0-1

[Event "*** Titled Tuesday Blitz"]
[Site "Chess.com"]
[Date "2019.05.07"]
[Round "5"]
[White "Shant_Sargsyan"]
[Black "GHANDEEVAM2003"]
[Result "1/2-1/2"]
[WhiteElo "2962"]
[BlackElo "2879"]
[TimeControl "180+2"]
[EndTime "14:07:26 PDT"]
[Termination "Game drawn by agreement"]

1. d4 Nf6 2. c4 e6 3. Nf3 d5 4. Nc3 c6 5. Bg5 Nbd7 6. e3 Qa5 7. Nd2 Bb4 8. Qc2 O-O 9. Rc1 dxc4 10. Bxf6 Nxf6 11.
Nxc4 Qd5 12. a3 Bxc3+ 13. Qxc3 c5 14. dxc5 Qxc5 15. Ne5 Qxc3+ 16. Rxc3 Nd5 17. Rc1 f6 18. Nc4 Bd7 19. Nd6 Bc6 20. b4 Rad8 21. Nc4 Bb5 22. Na5 Rc8 23. Rxc8 Rxc8 24. Kd2 Bxf1 25. Rxf1 b6 26. Nb3 Rc3 27. Rb1 f5 28. a4 Rc4 29.
Nd4 Kf7 30. Nc2 Nc3 31. Rb3 Ne4+ 32. Kd3 Rc7 33. f3 Nd6 34. Nd4 e5 35. Nb5 Nxb5 36. axb5 Ke6 37. Ra3 Rd7+ 38. Kc2 Rc7+ 1/2-1/2

[Event "*** Titled Tuesday Blitz"]
[Site "Chess.com"]
[Date "2019.05.07"]
[Round "5"]
[White "PotapovaM"]
[Black "FrenchMonster2002"]
[Result "1-0"]
[WhiteElo "2455"]
[BlackElo "2383"]
[TimeControl "180+2"]
[EndTime "14:07:27 PDT"]
[Termination "PotapovaM won on time"]

1. e4 c5 2. Nf3 Nc6 3. Bb5 g6 4. Bxc6 dxc6 5. d3 Bg7 6. h3 Nf6 7. Nc3 Nd7 8. Be3 e5 9. Qd2 h6 10. O-O b6 11. Nh2 Nf8 12. f4 exf4 13. Bxf4 Ne6 14. Be3 g5 15. Rf2 Qd6 16. Raf1 Rf8 17. Ng4 Nd4 18. Nf6+ Kd8 19. Nh5 Qg6 20. Nxg7 Qxg7 21.
Rf6 Be6 22. Qf2 Nb5 23. Nxb5 cxb5 24. Rxe6 Kd7 25. Rf6 1-0

[Event "*** Titled Tuesday Blitz"]
[Site "Chess.com"]
[Date "2019.05.07"]
[Round "5"]
[White "Vamostodorecto"]
[Black "jacky72"]
[Result "0-1"]
[WhiteElo "2408"]
[BlackElo "2631"]
[TimeControl "180+2"]
[EndTime "14:07:29 PDT"]
[Termination "jacky72 won by resignation"]

1. d4 Nf6 2. c4 g6 3. Nc3 Bg7 4. e4 O-O 5. Be2 d6 6. Nf3 e5 7.
O-O Na6 8. Bg5 Qe8 9. dxe5 dxe5 10. Nd5 Nxe4 11. Be7 Be6 12. Bxf8 Qxf8 13. Nd2 Nd6 14. Rc1 c6 15. Ne3 Nc7 16. c5 Ndb5 17. Ndc4 Rd8 18. Qa4 Nd4 19. Bd1 Qxc5 20. b4 Qe7 21. Qxa7 Ncb5 22. Qc5 Qg5 23. f4 Qh4 24. fxe5 Bh6 25. Bb3 Bxc4 26. Nxc4 Bxc1 27. Nd6 Nxd6 28. exd6 Ne2+ 29.
Kh1 Ng3+ 30. Kg1 Nxf1 31. Qxc1 Qxh2+ 32. Kf2 Ng3 33. Qf4 Nh1+ 0-1

[Event "*** Titled Tuesday Blitz"]
[Site "Chess.com"]
[Date "2019.05.07"]
[Round "5"]
[White "EfrenRamos1"]
[Black "Zq1"]
[Result "1/2-1/2"]
[WhiteElo "2325"]
[BlackElo "2505"]
[TimeControl "180+2"]
[EndTime "14:07:37 PDT"]
[Termination "Game drawn by repetition"]

1. Nf3 Nf6 2. c4 e6 3. b3 d5 4. Bb2 c5 5. cxd5 exd5 6. g3 Nc6 7. Bg2 Be7 8. O-O d4 9. d3 O-O 10. Nbd2 a5 11. Nc4 Ra7 12. e3 dxe3 13. fxe3 Nd5 14. Qe2 Be6 15. Rac1 a4 16. d4 axb3 17. axb3 Ra2 18. e4 Bg4 19. exd5 Nxd4 20. Qd3 b5 21. Bxd4 bxc4 22. bxc4 cxd4 23. Qxd4 Bxf3 24. Rxf3 Ba3 25. Rxa3 Rxa3 26. c5 Qg5 27. Re1 Ra2 28. c6 h5 29.
Qe3 Qf6 30. Qf4 Qb2 31. Qf3 Qd4+ 32. Qe3 Qb2 33. Qf3 Qd4+ 34. Qe3 Qb2 35. Qf3 1/2-1/2

[Event "*** Titled Tuesday Blitz"]
[Site "Chess.com"]
[Date "2019.05.07"]
[Round "5"]
[White "Taron_Shagbazyan"]
[Black "Philosopherrr"]
[Result "1-0"]
[WhiteElo "2728"]
[BlackElo "2494"]
[TimeControl "180+2"]
[EndTime "14:07:49 PDT"]
[Termination "Taron_Shagbazyan won by checkmate"]

1. d4 Nf6 2. c4 e6 3. Nc3 c5 4. d5 exd5 5. cxd5 d6 6. Nf3 g6 7. Bf4 Bg7 8. h3 O-O 9. e3 Re8 10. Be2 Ne4 11. Nxe4 Rxe4 12. Nd2 Rb4 13. Nc4 Nd7 14.
O-O Nb6 15. Nxd6 Bxb2 16. Rb1 Bf6 17. Rxb4 cxb4 18. Bf3 Be7 19. Nxc8 Nxc8 20. e4 f6 21. e5 fxe5 22. Bxe5 Bd6 23. Bb2 Qh4 24. Bg4 Ne7 25.
Be6+ Kf8 26. Qf3+ Qf4 27. Qxf4+ Bxf4 28. Rd1 Bd6 29. Rd3 Ke8 30. Rf3 a5 31. Rf7 Ra6 32. Rxh7 Kd8 33. Bf6 a4 34. Rh8+ Kc7 35. Re8 Nf5 36.
Bd8+ Kb8 37. Bb6# 1-0

[Event "*** Titled Tuesday Blitz"]
[Site "Chess.com"]
[Date "2019.05.07"]
[Round "5"]
[White "pedroholly22"]
[Black "JonasHilwerda"]
[Result "1-0"]
[WhiteElo "2304"]
[BlackElo "2236"]
[TimeControl "180+2"]
[EndTime "14:07:52 PDT"]
[Termination "pedroholly22 won by resignation"]

1. e4 Nf6 2. e5 Nd5 3. c4 Nb6 4. d4 d6 5. exd6 cxd6 6. Nf3 g6 7. Nc3 Bg7 8. Be3 O-O 9. b3 Nc6 10. Rc1 e5 11. Be2 f5 12. Bg5 Qe8 13. d5 Nd8 14. Nb5 Nf7 15. Nc7 Qd7 16. Nxa8 Nxa8 17. Be3 f4 18. Bd2 g5 19. h4 g4 20. Ng5 Nxg5 21. hxg5 Qf5 22. Bb4 f3 23. gxf3 gxf3 24.
Bd3 e4 25. Bb1 Qxg5 26. Bxd6 Qg2 27. Rh2 Qg5 28. Bg3 e3 29. Bxh7+ Kf7 30. Qxf3+ Ke8 31.
Qxe3+ Qxe3+ 32. fxe3 Nb6 33. Bg6+ Kd7 34. Rf2 Rh8 35.
Rf7+ Ke8 36. Rxg7+ Kf8 1-0

[Event "*** Titled Tuesday Blitz"]
[Site "Chess.com"]
[Date "2019.05.07"]
[Round "5"]
[White "Chessdude1987"]
[Black "aa175"]
[Result "1-0"]
[WhiteElo "2115"]
[BlackElo "1960"]
[TimeControl "180+2"]
[EndTime "14:07:52 PDT"]
[Termination "Chessdude1987 won by checkmate"]

1. e4 e5 2. f4 exf4 3. Bc4 Qh4+ 4. Kf1 Nh6 5. Nf3 Qh5 6. Nc3 Ng4 7. Nd5 Bd6 8. d4 g5 9. e5 c6 10. Nxf4 gxf4 11. exd6 Rg8 12. Bxf4 Kf8 13. Qe2 Kg7 14. h3 f6 15. Kg1 Rf8 16. hxg4 Qxg4 17. Qe7+ Kg6 18.
Qxh7# 1-0

[Event "*** Titled Tuesday Blitz"]
[Site "Chess.com"]
[Date "2019.05.07"]
[Round "5"]
[White "GuerrieroFromLevant"]
[Black "Jenia84"]
[Result "0-1"]
[WhiteElo "2267"]
[BlackElo "2259"]
[TimeControl "180+2"]
[EndTime "14:07:54 PDT"]
[Termination "Jenia84 won by resignation"]

1. e4 e5 2. Nf3 Nc6 3. Bc4 Bc5 4.
O-O Nf6 5. d3 O-O 6. c3 d6 7. a4 a6 8. b4 Bb6 9. Na3 Be6 10. Qb3 Bxc4 11. Nxc4 Ba7 12. Bg5 h6 13. Bh4 Qe7 14. Ne3 Bxe3 15. fxe3 Qe6 16. Qxe6 fxe6 17. Bxf6 Rxf6 18. Nh4 Ne7 19. g4 Raf8 20. Ng2 g5 21. Rxf6 Rxf6 22. Rf1 Kg7 23. Rxf6 Kxf6 24. Kf2 Nc6 25.
Ne1 a5 26. b5 Ne7 27. Nf3 Ng6 28. Ke2 Ke7 29. Kd2 d5 30. exd5 exd5 31. c4 c6 32. c5 Ke6 33. d4 e4 34. Ne1 Kd7 35. Nc2 Nh4 36. Ke2 Nf3 37. h3 Ng1+ 38. Kf2 Nf3 39. Ke2 Kc7 40. Na1 b6 41. Nb3 Ng1+ 42. Kf2 Nf3 43. Ke2 cxb5 44. axb5 a4 45. Nc1 a3 46. Na2 Ng1+ 47. Kf2 Nf3 48. Nb4 bxc5 49. dxc5 d4 50.
exd4 Nxd4 51. b6+ Kb7 52. Ke3 Nb3 53. Kxe4 Nxc5+ 54. Kf5 Kxb6 55. Kg6 Nd3 56. Kxh6 Nxb4 0-1

[Event "*** Titled Tuesday Blitz"]
[Site "Chess.com"]
[Date "2019.05.07"]
[Round "5"]
[White "HouseOfDurin"]
[Black "Siemba"]
[Result "1-0"]
[WhiteElo "1977"]
[BlackElo "2093"]
[TimeControl "180+2"]
[EndTime "14:07:57 PDT"]
[Termination "HouseOfDurin won by checkmate"]

1. d4 Nf6 2. Bg5 Ne4 3. h4 Nxg5 4. hxg5 e6 5. Nf3 c5 6. d5 exd5 7. Qxd5 Nc6 8. Nc3 d6 9. O-O-O Be6 10. Qd2 Qa5 11. Kb1 b5 12. e4 b4 13. Nd5 g6 14.
Bc4 Bg7 15. Nf6+ Bxf6 16. Bxe6 Bc3 17. Qxd6 fxe6 18. Qxc6+ Kf8 19. Qxa8+ Ke7 20. Qb7+ Kf8 21. Qc8+ Qd8 22. Qxd8+ Kf7 23. Rd7# 1-0

[Event "*** Titled Tuesday Blitz"]
[Site "Chess.com"]
[Date "2019.05.07"]
[Round "5"]
[White "dopolian"]
[Black "fidezivkovic"]
[Result "1-0"]
[WhiteElo "2256"]
[BlackElo "2287"]
[TimeControl "180+2"]
[EndTime "14:08:07 PDT"]
[Termination "dopolian won by resignation"]

1. e4 c5 2. Nf3 g6 3. d3 Bg7 4. g3 Nc6 5. Bg2 d6 6. O-O Nf6 7. Nc3 O-O 8. Bf4 Bg4 9. h3 Bxf3 10. Bxf3 Nd4 11. Bg2 Nd7 12. Rb1 Rb8 13. Ne2 Qa5 14. Nxd4 cxd4 15. a3 Rbc8 16. Qe2 Rc7 17. Bd2 Qa4 18.
b3 Qxa3 19. Ra1 Qc5 20. Rfc1 a6 21. f4 Rfc8 22. h4 Qb5 23. Ra5 Qb6 24. Ra2 Qb5 25. Ra5 Qb6 26. Ra2 Qa7 27. Bh3 b6 28. h5 Rf8 29.
hxg6 hxg6 30. Kg2 e6 31. Bb4 Nc5 32. Bxc5 Rxc5 33. f5 exf5 34. exf5 gxf5 35. Rh1 Re8 36. Qxe8+ 1-0

[Event "*** Titled Tuesday Blitz"]
[Site "Chess.com"]
[Date "2019.05.07"]
[Round "5"]
[White "Denis_Palkovich"]
[Black "PaulfromSPb"]
[Result "0-1"]
[WhiteElo "2263"]
[BlackElo "2670"]
[TimeControl "180+2"]
[EndTime "14:08:09 PDT"]
[Termination "PaulfromSPb won by resignation"]

1. d4 Nf6 2. Bf4 d5 3. e3 c5 4. c3 Qb6 5. Qb3 c4 6. Qc2 Nc6 7. Nd2 g6 8. e4 dxe4 9. Nxc4 Qd8 10. Be2 Bg7 11. h4 O-O 12. h5 Bf5 13. Ne3 e6 14.
Nxf5 exf5 15. hxg6 fxg6 16. Bc4+ Kh8 17. Nh3 Rc8 18.
Ng5 Qe7 19. Ne6 Nxd4 20. Nxd4 Rxc4 21. Bh6 Bxh6 22. Rxh6 Kg7 23. Rh3 Rfc8 24. Qd2 Kh8 25.
Rd1 Ng4 26. Qf4 Qe5 27. Qg5 Qf6 28. Qf4 Re8 29. Kf1 Rc5 30. Kg1 Rce5 31. Nc2 Rd8 32. Ne3 Rxd1+ 33. Nxd1 Re8 34. Ne3 Nxe3 35. Qxe3 b6 36.
Qh6 Re7 37. Qf4 Kg7 38. Qb8 Qe5 39. Qd8 Qe6 40. Qd4+ Qe5 41. Qd8 f4 42. Kf1 e3 43.
fxe3 fxe3 44. Ke2 Qb5+ 45. Qd3 Qxd3+ 46. Kxd3 e2 0-1

[Event "*** Titled Tuesday Blitz"]
[Site "Chess.com"]
[Date "2019.05.07"]
[Round "5"]
[White "bugsbunny444"]
[Black "kintoho"]
[Result "1-0"]
[WhiteElo "2569"]
[BlackElo "2556"]
[TimeControl "180+2"]
[EndTime "14:08:12 PDT"]
[Termination "bugsbunny444 won by checkmate"]

1. Nf3 Nf6 2. c4 g6 3. b4 d5 4. cxd5 Bg7 5. Bb2 O-O 6. g3 Nxd5 7. Bxg7 Kxg7 8. Qb3 f6 9. Bg2 e5 10. d3 Be6 11. Qb2 Qd6 12. a3 a5 13. b5 c5 14.
Nbd2 b6 15. Nc4 Qc7 16. O-O Nd7 17. Rac1 Rab8 18. e3 Bf7 19. d4 exd4 20. exd4 Rfd8 21.
Rfd1 Kg8 22. Nfd2 Nf8 23. dxc5 bxc5 24. Ne4 Qe7 25. Rxd5 Bxd5 26. Nxf6+ Kh8 27. Nh5+ Kg8 28. Bxd5+ Rxd5 29. Nf6+ Kf7 30. Nxd5 Qe6 31. Ne5+ Kg8 32. Ng4 h5 33. Ngf6+ Kf7 34. Rxc5 Rb7 35. b6 g5 36. Rc7+ Rxc7 37. bxc7 Ng6 38. Qb7 Ne7 39. c8=Q Qxc8 40. Qxe7+ Kg6 41. Qh7# 1-0

[Event "*** Titled Tuesday Blitz"]
[Site "Chess.com"]
[Date "2019.05.07"]
[Round "5"]
[White "jncool68"]
[Black "Oleg_Papayan"]
[Result "0-1"]
[WhiteElo "2596"]
[BlackElo "2546"]
[TimeControl "180+2"]
[EndTime "14:08:16 PDT"]
[Termination "Oleg_Papayan won by resignation"]

1. e4 c6 2. d4 d5 3. exd5 cxd5 4. Bd3 Nc6 5. c3 Qc7 6. Ne2 Bg4 7. h3 Bxe2 8. Qxe2 e6 9. Na3 Bxa3 10. bxa3 Nxd4 11. cxd4 Qc3+ 12. Qd2 Qxa1 13. O-O Ne7 14. Qb4 O-O 15. Qxe7 Qxd4 16. Rd1 Qb6 17. Be3 Qa5 18. Qh4 h6 19. Bxh6 gxh6 20. Qxh6 f5 21. Qg6+ Kh8 22. Qh6+ Kg8 23.
Qxe6+ Rf7 24. Bxf5 Qb6 25. Qxd5 Kf8 26. Qe5 Qf6 27.
Qc5+ Kg7 28. Bg4 Re8 29. Bf3 b6 30. Qc4 Re5 31. Rd4 Re1+ 32. Kh2 Qe5+ 33. g3 Rxf3 34. Rg4+ Kh6 35. Qc6+ Rf6 36. Rh4+ Kg5 37. f4+ Kg6 38. Qc2+ Qf5 39. Rg4+ Kh6 40. Rh4+ Kg6 41. Qd2 Rfe6 42. Rg4+ Kh6 43. Rh4+ Kg6 44. Rg4+ Qxg4 45. hxg4 R6e2+ 46. Qxe2 Rxe2+ 47. Kh3 Rxa2 0-1

[Event "*** Titled Tuesday Blitz"]
[Site "Chess.com"]
[Date "2019.05.07"]
[Round "5"]
[White "ShimanovAlex"]
[Black "c63_amg"]
[Result "1-0"]
[WhiteElo "2842"]
[BlackElo "2666"]
[TimeControl "180+2"]
[EndTime "14:08:19 PDT"]
[Termination "ShimanovAlex won by resignation"]

1. d4 Nf6 2. Bf4 e6 3. e3 c5 4. Nf3 Nc6 5. Nc3 Nh5 6. Bg5 Qa5 7. d5 exd5 8. Qxd5 Nf6 9. Bxf6 gxf6 10. Bc4 Nd8 11.
O-O d6 12. Ne4 Be6 13. Qd3 Be7 14. Rfd1 Qc7 15. Nc3 Nc6 16. Nd5 Bxd5 17. Bxd5 O-O-O 18. Nh4 f5 19. Nxf5 Bf6 20. c3 Kb8 21. Rd2 Rhg8 22. Rad1 Rg5 23. Ng3 h5 24. Ne4 Ne5 25. Qe2 Rg6 26.
Qxh5 Rh8 27. Qf5 Qe7 28. Ng3 Bg7 29. Qe4 Rgh6 30. h3 Qg5 31. Qf4 Qxf4 32. exf4 Ng6 33.
Nf5 R6h7 34. g3 Bf6 35. h4 Rh5 36. Nxd6 Nxh4 37. gxh4 Rxh4 38. Nxf7 Rg8+ 39. Ng5 Rg7 40. Bg2 Rxf4 41. Rd8+ Bxd8 42. Rxd8+ Kc7 43. Ne6+ 1-0

[Event "*** Titled Tuesday Blitz"]
[Site "Chess.com"]
[Date "2019.05.07"]
[Round "5"]
[White "norwaytoadog"]
[Black "KRASAVCHIK2002"]
[Result "1-0"]
[WhiteElo "2250"]
[BlackElo "2345"]
[TimeControl "180+2"]
[EndTime "14:08:20 PDT"]
[Termination "norwaytoadog won by resignation"]

1. e4 g6 2. d4 Bg7 3. Nc3 c6 4. h3 h6 5. Be3 d6 6. Qd2 b5 7. a3 a6 8. Nf3 Bb7 9. Be2 e6 10. O-O Ne7 11. Rad1 Nd7 12. Bf4 g5 13. Bxd6 Nc8 14.
Bg3 Ncb6 15. e5 c5 16. dxc5 Nxc5 17. Qe3 Qc7 18. h4 g4 19. Nd4 O-O-O 20. Ndxb5 axb5 21. Nxb5 Qe7 22. Nd6+ Kb8 23. Qxc5 Nd5 24. Rd3 Rc8 25. Qb5 Rc6 26. Rb3 Rb6 27. Qa4 Rd8 28. Rxb6 Nxb6 29. Qb5 Qc7 30. a4 Bc6 31. Qb3 Ka8 32.
a5 Nd7 33. Qe3 Nxe5 34. Bxe5 Bxe5 35. Qxe5 Qxd6 36. Qxd6 Rxd6 37. Rd1 1-0

[Event "*** Titled Tuesday Blitz"]
[Site "Chess.com"]
[Date "2019.05.07"]
[Round "5"]
[White "pedro_gines"]
[Black "Sashadav97"]
[Result "0-1"]
[WhiteElo "2353"]
[BlackElo "2542"]
[TimeControl "180+2"]
[EndTime "14:08:23 PDT"]
[Termination "Sashadav97 won on time"]

1. d4 Nf6 2. c4 e6 3. Nf3 d5 4.
g3 Bb4+ 5. Bd2 Be7 6. Bg2 O-O 7. O-O Nbd7 8. Qc2 Ne4 9. Bf4 c6 10. Nc3 f5 11. Ne5 g5 12. Bc1 Nxe5 13. dxe5 b6 14. Rd1 Qe8 15. cxd5 cxd5 16. Nxe4 fxe4 17. Be3 Ba6 18. Qd2 h6 19. Rac1 Rc8 20. Bh3 Qd7 21.
Bg2 Rxc1 22. Rxc1 Rc8 23. Rd1 Qa4 24. b3 Qa3 25. h4 Bb4 26. Qd4 Bc3 27. Qa4 Qxa4 28.
bxa4 Bxe2 29. Rc1 Rc4 30. hxg5 d4 31. Bf4 hxg5 32. Bxg5 d3 33. Bd2 Bxd2 34. Rxc4 Bg5 35. Bf1 Bf3 36. Rd4 d2 37. Bc4 Kf7 38. Bb3 e3 39. Rd7+ Ke8 40. Rg7 e2 41. Rxg5 e1=Q+ 0-1

[Event "*** Titled Tuesday Blitz"]
[Site "Chess.com"]
[Date "2019.05.07"]
[Round "5"]
[White "kleinebeer98"]
[Black "Heineccius"]
[Result "1-0"]
[WhiteElo "2701"]
[BlackElo "2495"]
[TimeControl "180+2"]
[EndTime "14:08:29 PDT"]
[Termination "kleinebeer98 won by resignation"]

1. e4 c5 2. Nf3 e6 3. d4 cxd4 4. Nxd4 a6 5. Qd3 Nc6 6. Nxc6 bxc6 7. Nc3 d5 8. Be2 Nf6 9. O-O Be7 10. Qg3 g6 11. Bh6 Bb7 12. Rad1 Qb8 13. Qf3 Qc7 14. Bg7 dxe4 15. Nxe4 Nxe4 16. Bxh8 c5 17. Qh3 h5 18. b3 Ng5 19. Qe3 Qc6 20. f3 h4 21. h3 f6 22. Bg7 Qc7 23. Bh6 Nxh3+ 24. Kh1 Qg3 25. Qxe6 Nf2+ 26. Rxf2 Qxf2 27. Qg8+ 1-0

[Event "*** Titled Tuesday Blitz"]
[Site "Chess.com"]
[Date "2019.05.07"]
[Round "5"]
[White "PawnEatingZombie"]
[Black "stepanosinovsky"]
[Result "0-1"]
[WhiteElo "2155"]
[BlackElo "2401"]
[TimeControl "180+2"]
[EndTime "14:08:32 PDT"]
[Termination "stepanosinovsky won by checkmate"]

1. d4 Nf6 2. c4 g6 3. Nc3 Bg7 4. e4 O-O 5. Be2 d6 6. Be3 e5 7. d5 a5 8. g4 Na6 9. h4 Nc5 10. f3 h5 11. g5 Nfd7 12. Qd2 a4 13. Nh3 Kh8 14. O-O-O Nb6 15. Kb1 Bxh3 16. Rxh3 Qd7 17. Rhh1 Ra6 18. Bf1 Rfa8 19. Nb5 Ra5 20. Qc2 Kg8 21. Bh3 Qd8 22. Bxc5 dxc5 23. d6 c6 24. Nc7 R8a7 25. Rhf1 Nd7 26. f4 exf4 27. Rxf4 Ne5 28. Rff1 b6 29. Ne6 fxe6 30. Bxe6+ Kh7 31. d7 Ra8 32. Qd2 b5 33. Qd6 bxc4 34. Bf5 Rb5 35. Bxg6+ Nxg6 36. Rf7 Rab8 37. Qe6 Rxb2+ 38. Kc1 Rb1+ 39.
Kc2 R8b2# 0-1

[Event "*** Titled Tuesday Blitz"]
[Site "Chess.com"]
[Date "2019.05.07"]
[Round "5"]
[White "Chebure"]
[Black "slowdumbb"]
[Result "0-1"]
[WhiteElo "2616"]
[BlackElo "2565"]
[TimeControl "180+2"]
[EndTime "14:08:33 PDT"]
[Termination "slowdumbb won by resignation"]

1. d4 Nf6 2. Bf4 g6 3. e3 Bg7 4. Nf3 O-O 5. h3 c5 6. Nbd2 cxd4 7. exd4 Nc6 8. c3 d6 9. Be2 Re8 10. O-O e5 11. Bh2 e4 12. Ne1 e3 13. fxe3 Rxe3 14.
Nc4 Qe8 15. Nxd6 Qe7 16. Bc4 Be6 17. d5 Bxh3 18. dxc6 bxc6 19. Nxf7 Qc5 20. Ng5+ Kh8 21. Kh1 Qxc4 22. Nef3 Bg4 23. b3 Qc5 24. Qd2 Rae8 25.
Nf7+ Kg8 26. N7e5 Bxf3 27. Nxf3 h6 28. Rae1 Ng4 29. Rxe3 Rxe3 30. Re1 Rxe1+ 31. Qxe1 Nf2+ 32. Kg1 Nd3+ 0-1

[Event "*** Titled Tuesday Blitz"]
[Site "Chess.com"]
[Date "2019.05.07"]
[Round "5"]
[White "Alexander_Donchenko"]
[Black "Berardino"]
[Result "1-0"]
[WhiteElo "2792"]
[BlackElo "2516"]
[TimeControl "180+2"]
[EndTime "14:08:37 PDT"]
[Termination "Alexander_Donchenko won by resignation"]

1. Nf3 c5 2. g3 Nc6 3. c4 g6 4. Bg2 Bg7 5. Nc3 d6 6. O-O e5 7. a3 Nge7 8. b4 cxb4 9. axb4 Nxb4 10. Ba3 Nbc6 11. Nb5 O-O 12. Nxd6 Qc7 13. Rb1 a6 14. d3 Rb8 15. c5 h6 16. Qb3 Be6 17. Qb6 Qd7 18. Nd2 Nd5 19. Bxd5 Bxd5 20. e4 Be6 21. Bb2 h5 22. f4 Bh3 23. Rf2 exf4 24. gxf4 Bxb2 25.
Rxb2 Qg4+ 26. Kh1 Qd1+ 27. Nf1 Bxf1 28. Rb1 Qxd3 29. Rbxf1 Nd4 30. f5 Nb5 31. fxg6 fxg6 32. Rxf8+ Rxf8 33. Rxf8+ Kxf8 34. Qd8+ 1-0

[Event "*** Titled Tuesday Blitz"]
[Site "Chess.com"]
[Date "2019.05.07"]
[Round "5"]
[White "Manukyan_Artak"]
[Black "quesfr"]
[Result "1-0"]
[WhiteElo "2419"]
[BlackElo "2178"]
[TimeControl "180+2"]
[EndTime "14:08:37 PDT"]
[Termination "Manukyan_Artak won by resignation"]

1. e4 e5 2. Nf3 Nc6 3. d4 exd4 4. Nxd4 Nf6 5. Nxc6 bxc6 6. e5 Qe7 7. Qe2 Nd5 8.
c4 Ba6 9. g3 g6 10. b3 Bg7 11.
Bb2 O-O 12. Bg2 Rae8 13. O-O Bxe5 14. Qxe5 Qxe5 15. Bxe5 Rxe5 16. cxd5 Bxf1 17. Kxf1 cxd5 18. Nc3 c6 19. Rc1 Rb8 20. Ne2 Rb5 21. Nd4 Rb6 22.
Rc5 Re7 23. Ra5 d6 24. Nc2 Kf8 25. b4 Ke8 26. a3 Kd8 27. Nd4 a6 28. Bf3 Kc8 29.
a4 Re5 30. b5 axb5 31. axb5 cxb5 32. Nxb5 f6 33. Nd4 Kc7 34. Ra7+ Rb7 35. Ra5 Rb1+ 36.
Kg2 Rb4 37. Nc2 Rc4 38. Ne3 Rc5 39. Ra7+ Kb6 40. Rxh7 d4 41. Ng4 Rf5 42. Be4 d3 43. Bxd3 Rfd5 44. Bxg6 f5 45. Ne3 Rd2 46. Bxf5 Re5 47.
Nc4+ 1-0

[Event "*** Titled Tuesday Blitz"]
[Site "Chess.com"]
[Date "2019.05.07"]
[Round "5"]
[White "TargetA"]
[Black "Kangoroo3000"]
[Result "1/2-1/2"]
[WhiteElo "2450"]
[BlackElo "2654"]
[TimeControl "180+2"]
[EndTime "14:08:41 PDT"]
[Termination "Game drawn by repetition"]

1. e4 e6 2. d3 d5 3. Nd2 c5 4. Ngf3 Nc6 5. g3 Bd6 6. Bg2 Nge7 7. O-O O-O 8. Re1 Qc7 9. Qe2 f6 10. c3 d4 11. Nc4 e5 12. Nxd6 Qxd6 13. c4 a6 14. Nh4 b5 15. b3 Be6 16. f4 exf4 17. gxf4 Rad8 18. Bd2 Kh8 19. Rf1 Qd7 20. Kh1 f5 21. e5 g6 22. Rf3 bxc4 23. bxc4 Rb8 24. Be1 Rb6 25. Rh3 Rfb8 26. Nf3 Rb1 27. Rxb1 Rxb1 28. Ng5 Bg8 29. e6 Qc7 30. Nf7+ Kg7 31. Bf1 Qxf4 32. Rf3 Qc1 33. Bd2 Qd1 34. Bh6+ Kf6 35.
Bg5+ Kg7 36. Bh6+ Kf6 37. Bg5+ Kg7 38. Bh6+ Kf6 39. Bg5+ Kg7 1/2-1/2

[Event "*** Titled Tuesday Blitz"]
[Site "Chess.com"]
[Date "2019.05.07"]
[Round "5"]
[White "kinga2008"]
[Black "GMKrikor"]
[Result "0-1"]
[WhiteElo "1941"]
[BlackElo "2750"]
[TimeControl "180+2"]
[EndTime "14:08:42 PDT"]
[Termination "GMKrikor won on time"]

1. e4 c5 2. Nf3 g6 3. d4 cxd4 4. Nxd4 Nc6 5. Be3 Nf6 6. Nc3 Bg7 7. Bc4 O-O 8. O-O Nxe4 9. Nxe4 d5 10. Nxc6 bxc6 11.
Bd3 dxe4 12. Bxe4 Bxb2 13. Rb1 Be5 14. Bxc6 Rb8 15. Rxb8 Bxb8 16. Bh6 Qc7 17. g3 Qxc6 18.
Bxf8 Kxf8 19. Qd4 e5 20. Qb4+ Bd6 21. Qh4 Bb7 22. f3 Bc5+ 23. Kg2 Kg7 24. Qg5 Bd4 25. Qd2 h5 26. Qd3 Bb6 27. Re1 Bd4 28. Rd1 h4 29.
Rc1 hxg3 30. hxg3 Qf6 31. c3 Qg5 32. Re1 Bb6 0-1

[Event "*** Titled Tuesday Blitz"]
[Site "Chess.com"]
[Date "2019.05.07"]
[Round "5"]
[White "Thjop"]
[Black "rasmussvane"]
[Result "0-1"]
[WhiteElo "2550"]
[BlackElo "2806"]
[TimeControl "180+2"]
[EndTime "14:08:44 PDT"]
[Termination "rasmussvane won by resignation"]

1. e4 c6 2. d4 d5 3. e5 Bf5 4.
Nf3 e6 5. Be2 Ne7 6. O-O Ng6 7. h3 h5 8. Be3 Nd7 9. Ne1 Qb6 10. b3 c5 11. c3 cxd4 12. cxd4 h4 13. Nc3 Bb4 14. Na4 Qd8 15. Bd3 Bxe1 16. Bxf5 exf5 17.
Rxe1 Qe7 18. Qf3 Qe6 19. Nc3 Nb6 20. Nb5 O-O 21. Nc7 Qd7 22. Nxa8 Nxa8 23. Rac1 Nc7 24.
Rxc7 Qxc7 25. Qxd5 Rd8 26. Qc4 Qxc4 27. bxc4 f4 28. Rb1 fxe3 29. fxe3 b6 30. a4 Rc8 31. Rc1 Ne7 32. Kf2 Nc6 33. Kf3 Na5 34. c5 bxc5 35. dxc5 Kf8 36. Kg4 Ke7 37. Kxh4 Nc6 38. Kg3 Nxe5 39.
Kf4 Nd3+ 0-1

[Event "*** Titled Tuesday Blitz"]
[Site "Chess.com"]
[Date "2019.05.07"]
[Round "5"]
[White "Walter_White_Poland"]
[Black "FearlessKing64"]
[Result "0-1"]
[WhiteElo "2269"]
[BlackElo "2220"]
[TimeControl "180+2"]
[EndTime "14:08:44 PDT"]
[Termination "FearlessKing64 won on time"]

1. e4 c5 2. Nf3 d6 3. d4 cxd4 4. Nxd4 Nf6 5. Nc3 a6 6. Bg5 e6 7. f4 Be7 8. Qf3 h6 9. Bh4 g5 10. fxg5 Nfd7 11. Qh5 Ne5 12. Nf3 Ng6 13. gxh6 Bxh4+ 14.
g3 Bf6 15. Bd3 Nd7 16. O-O Qb6+ 17. Kh1 Qc5 18. Nd5 exd5 19. e5 Ngxe5 20. Nxe5 dxe5 21. Rxf6 Nxf6 22. Qg5 Qe7 23. Rf1 Ne4 24. Qg7 Rf8 25.
h7 Bh3 26. h8=Q Bxf1 27. Qhh6 O-O-O 0-1